 Dungeon Crawl Stone Soup version 0.17-a0-1636-g3119f2b (webtiles) character file.

53 MikeDS the Charmwright (level 3, -1/30 HPs)
             Began as a Draconian Skald on Aug 5, 2015.
             Slain by an orc
             ... wielding a +0 dagger
              (5 damage)
             ... on level 3 of the Dungeon.
             The game lasted 00:17:36 (1948 turns).

MikeDS the Charmwright (Draconian Skald)            Turns: 1948, Time: 00:17:37

Health: -1/30      AC:  5    Str: 15    XL:     3   Next: 62%
Magic:  4/6        EV: 12    Int: 12    God:
Gold:   37         SH:  0    Dex: 10    Spells: 2 memorised, 3 levels left

rFire  . . .     SeeInvis .     a - +0 mace
rCold  . . .     Clarity  .     (armour unavailable)
rNeg   . . .     SustAt   .     (no shield)
rPois  .         Gourm    .     (helmet restricted)
rElec  .         Spirit   .     (no cloak)
rCorr  .         Warding  .     (no gloves)
rMut   .         Stasis   .     (no boots)
MR     .....                    (no amulet)
Stlth  +.........               (no ring)
                                (no ring)

@: confused, slowed, very slow, not resistant to hostile enchantments, very
unstealthy
A: unfitting armour, cold-blooded, AC +5
a: no special abilities


You were on level 3 of the Dungeon.
You were not hungry.

You visited 1 branch of the dungeon, and saw 4 of its levels.

You collected 37 gold pieces.

Inventory:

Hand weapons
 a - a +0 mace (weapon)
 t - a +1 dagger of holy wrath
 u - a cursed -3 dagger
 v - a +0 flail
Missiles
 s - a tomahawk (quivered)
Magical devices
 h - a wand of enslavement (17)
Scrolls
 e - a scroll of enchant armour {unknown}
 f - 3 scrolls of identify {unknown}
 g - a scroll of fear {unknown}
 j - 4 scrolls of remove curse {unknown}
 k - a scroll of enchant weapon {unknown}
 l - a scroll of immolation {unknown}
 m - a scroll of teleportation {unknown}
 n - a scroll of recharging {unknown}
 q - a scroll of amnesia {unknown}
Potions
 i - a potion of haste {unknown}
 o - a potion of agility {unknown}
 w - a potion of ambrosia {unknown}
Books
 b - a book of Battle

   Spells                             Type                      Level
   a - Infusion                       Charms                       1
   b - Shroud of Golubria             Charms/Translocation         2
   c - Song of Slaying                Charms                       2
   d - Spectral Weapon                Hexes/Charms                 3
   e - Regeneration                   Charms/Necromancy            3
Comestibles
 c - 3 bread rations
 d - 4 chunks of flesh
 p - 2 meat rations
 r - a beef jerky


   Skills:
 + Level 2.9 Fighting
 + Level 2.4 Maces & Flails
 + Level 1.9 Dodging
 + Level 2.2 Spellcasting
 + Level 3.1 Charms


You had 3 spell levels left.
You knew the following spells:

 Your Spells              Type           Power        Failure   Level  Hunger
a - Infusion              Chrm           #.....       10%         1    ##.....
b - Shroud of Golubria    Chrm/Tloc      #.........   21%         2    ###....


Dungeon Overview and Level Annotations

Branches:
Dungeon (4/15)
 Temple: D:4-7

Altars:


Innate Abilities, Weirdness & Mutations

Your plain brown scales are hard (AC +5).
Your body does not fit into most forms of armour.
You are cold-blooded and may be slowed by cold attacks.


Message History

* * * LOW HITPOINT WARNING * * *
The orc zaps a wand.
You resist with significant effort. The orc barely misses you.
The orc wizard completely misses you.
You bump into the rock wall.
The bat hits you.
* * * LOW HITPOINT WARNING * * *
The bat hits you but does no damage. The orc barely misses you.
The bat misses you. The orc hits you but does no damage.
The orc wizard casts a spell.
The orc wizard seems to speed up.
The orc zaps a wand.
You resist with significant effort.
You barely miss the orc wizard.
The orc wizard is almost dead.
You are no longer magically infusing your attacks.
The bat barely misses you. x2
The bat hits you.
* * * LOW HITPOINT WARNING * * *
The orc wizard gestures wildly while chanting.
The orc wizard blinks!
The bat closely misses you. The orc hits you but does no damage.
The orc hits you with a dagger.
You die...

.....# .....# .....#
o....# .....
##################...#
...............b@#..(####
...............§oo......+
##############.#o....####
#.##....# #.##....# ##
#.##....#
.#############.#..[....
.#.............#.#..####
.....###########. ...


You could see an orc wizard, 2 orcs and a bat.

Vanquished Creatures
  2 adders (D:3)
  3 giant geckos
  5 orcs (D:3)
  2 ball pythons (D:3)
  A giant cockroach (D:3)
  2 goblins (D:3)
  3 hobgoblins (D:1)
  3 kobolds
  3 bats (D:1)
  A giant newt (D:3)
  2 rats (D:1)
27 creatures vanquished.

Notes
Turn   | Place    | Note
--------------------------------------------------------------
     0 | D:1      | MikeDS the Draconian Skald began the quest for the Orb.
     0 | D:1      | Reached XP level 1. HP: 17/17 MP: 3/3
   368 | D:1      | Reached XP level 2. HP: 12/25 MP: 1/5
   392 | D:1      | Learned a level 2 spell: Shroud of Golubria
  1381 | D:3      | Reached XP level 3. HP: 13/30 MP: 1/6
  1476 | D:3      | Reached skill level 3 in Charms
  1948 | D:3      | Slain by an orc

Vault maps used:
D:1:      lemuel_arrival_funnel, dk_noncrumbling_4
D:2:      minmay_misc_feat_x, uniq_sigmund
D:3:      gup_sewer_entry_pipe
D:4:      minmay_temple_entry_steel_oval, first_bread, uniq_grinder

Action                   || total
-------------------------++-------
Melee: Mace              ||   122
Throw: Tomahawk          ||     5
 Cast: Infusion          ||     8
       Shroud of Golubri ||     8
  Use: Potion            ||     1
 Stab: Sleeping          ||     1
  Eat: Chunk             ||     4
